 Dungeon Crawl Stone Soup version 0.31-a0-536-ga3e2962e35 (webtiles) character file.

Game seed: 5089612448491383621

79 BritishOli the Trooper (level 4, -3/35 HPs)
             Began as a Demonspawn Fighter on Aug 13, 2023.
             Slain by Pargi the swamp drake (6 damage)
             ... in a sewer.
             The game lasted 00:02:04 (1886 turns).

BritishOli the Trooper (Demonspawn Fighter)         Turns: 1886, Time: 00:02:05

Health: -3/35      AC: 10    Str: 19    XL:     4   Next: 16%
Magic:  4/4        EV:  9    Int:  9    God:
Gold:   223        SH:  0    Dex: 12    Spells: 3/3 levels left

rFire   . . .        a - +0 war axe
rCold   . . .        c - +0 buckler
rNeg    . . .        b - +0 scale mail
rPois   .            (no helmet)
rElec   .            e - +0 cloak
rCorr   .            (no gloves)
SInv    .            (no boots)
Will    .....        (no amulet) Stlth
                     (no ring)
HPRegen 0.25/turn    (no ring)
MPRegen 0.09/turn

%: no passive effects
@: confused, lethally poisoned (-3 -> -4)
A: claws 1, slimy green scales 1
a: no special abilities


You were in a sewer.
You visited 1 branch of the dungeon, and saw 3 of its levels.
You also visited: Sewer.

You collected 223 gold pieces.

Inventory:

Hand Weapons
 a - a +0 war axe (weapon)
Armour
 b - a +0 scale mail (worn)
 c - a +0 buckler (worn)
 e - a +0 cloak (worn)
Scrolls
 f - 2 scrolls of identify {unknown}
 i - 2 scrolls of amnesia {unknown}
 j - a scroll of acquirement {unknown}
 l - 2 scrolls of immolation {unknown}
 m - 2 scrolls of teleportation {unknown}
 n - a scroll of blinking {unknown}
 o - a scroll of noise {unknown}
Potions
 d - 2 potions of might
 g - a potion of curing {unknown}
 h - 2 potions of heal wounds {unknown}
 k - a potion of cancellation {unknown}


   Skills:
 + Level 3.5 Fighting
 + Level 2.4 Axes
 + Level 3.2 Armour
 + Level 3.3 Shields


You had 3 spell levels left.
You didn't know any spells.
Your spell library contained the following spells:

 Spells                   Type           Power      Damage    Failure   Level
 Ignite Poison            Fire/Tmut/Pois 0%         N/A       99%         3
 Sticky Flame             Conj/Fire      0%         2d3       100%        4
 Ignition                 Fire           0%         3d3       100%        8


Dungeon Overview and Level Annotations

Branches:
Dungeon (3/15)              Sewer (1/1)

Altars:
Ashenzari
Qazlal

Annotations:
Sewer Pargi


Innate Abilities, Weirdness & Mutations

You have sharp fingernails.
You are partially covered in slimy green scales. (AC +2)


Message History

Pargi resists with some effort.
Pargi bites you.
Aiming: Polymorph
Press: ? - help, Shift-Dir - straight line, f/p - Pargi
Aim: Pargi the rime drake (will become a hornet, a swamp drake, or a wyvern, chance to affect: 49%) Pargi resists with some effort.
You block Pargi's attack.
Aiming: Polymorph
Press: ? - help, Shift-Dir - straight line, f/p - Pargi
Aim: Pargi the rime drake (will become a hornet, a swamp drake, or a wyvern, chance to affect: 49%) Pargi resists with some effort.
Pargi bites you. Pargi closely misses you.
Aiming: Polymorph
Press: ? - help, Shift-Dir - straight line, f/p - Pargi
Aim: Pargi the rime drake (will become a hornet, a swamp drake, or a wyvern, chance to affect: 49%) Pargi the rime drake evaporates and reforms as a swamp drake!
Aiming: Polymorph
Press: ? - help, Shift-Dir - straight line, f/p - Pargi
Aim: Pargi the swamp drake (will become an acid dragon, a sky beast, or a fire bat, chance to affect: 49%) Pargi resists with some effort.
The now-empty wand crumbles to dust.
Pargi bites you.
You aren't carrying any items that you can evoke.
Nothing quivered!
You aren't carrying any items that you can evoke.
You hit Pargi.
Pargi is lightly wounded.
Pargi bites you. You block Pargi's attack.
You barely miss Pargi.
Pargi is lightly wounded.
Pargi bites you!
* * * LOW HITPOINT WARNING * * *
You hit Pargi.
Pargi is lightly wounded.
You block Pargi's attack. Pargi breathes poison at you.
The noxious blast engulfs you but does no damage.
You are poisoned.
You barely miss Pargi.
Pargi is lightly wounded.
You are engulfed in noxious fumes.
You choke on the stench!
You are confused.
You feel sick. Pargi bites you.
You die...

### #∩# #.#
+##+##+##.##+##+##+#
...................#####
~~~~~~~~~.~~~~~~~~~#~~~~
≈≈≈≈≈≈≈≈≈∩≈≈≈≈≈≈≈≈≈#≈≈≈≈
~~~~~°°°°.~~~~~~~~~#~~~~
......°@°..........#
+##+##k##'##'##†##'# #.
#.##.##.##.# #$
#.##.##.##.# ##
############


You could see Pargi the swamp drake (catching breath).

Vanquished Creatures
  2 adders (D:3)
  A worm (D:2)
  2 dart slugs (D:1)
  An orc (D:3)
  6 endoplasms
  A giant cockroach (D:2)
  7 goblins
  4 hobgoblins
  4 jackals (D:1)
  2 quokkas
  5 ball pythons
  9 bats
  4 frilled lizards
  A kobold (D:3)
  2 rats (D:1)
51 creatures vanquished.

Notes
Turn   | Place    | Note
-------+----------+-------------------------------------------
     0 | D:1      | BritishOli the Demonspawn Fighter began the quest for the
                  | Orb.
     0 | D:1      | Reached XP level 1. HP: 18/18 MP: 1/1
   102 | D:1      | Gained mutation: You are partially covered in slimy green
                  | scales. (AC +2) [demonic ancestry]
   102 | D:1      | Reached XP level 2. HP: 24/24 MP: 2/2
   484 | D:1      | Gained mutation: You have sharp fingernails. [demonic
                  | ancestry]
   484 | D:1      | Reached XP level 3. HP: 23/29 MP: 3/3
  1470 | D:3      | Found a stormy altar of Qazlal.
  1470 | D:3      | Found a broken altar of Ashenzari.
  1776 | D:3      | Reached XP level 4. HP: 35/35 MP: 4/4
  1810 | D:3      | Found a glowing drain.
  1823 | Sewer    | Entered a sewer
  1864 | Sewer    | Noticed Pargi
  1872 | Sewer    | Pargi changed into Pargi the warg
  1872 | Sewer    | Noticed Pargi
  1873 | Sewer    | Pargi the warg changed into Pargi the queen bee
  1873 | Sewer    | Noticed Pargi
  1877 | Sewer    | Pargi the queen bee changed into Pargi the rime drake
  1877 | Sewer    | Noticed Pargi
  1881 | Sewer    | Pargi the rime drake changed into Pargi the swamp drake
  1881 | Sewer    | Noticed Pargi
  1886 | Sewer    | Slain by Pargi the swamp drake

Illustrated notes

Levels and vault maps discovered:
D:1:      dpeg_arrival_rooms_c, layout_loops_ring
D:2:      layout_basic
D:3:      layout_basic, gammafunk_temple_overflow_pools, portal_sewer_entry_d
Sewer:    kennysheep_door_sewer

Skill      XL: |  1  2 |
---------------+-------+-----
Axes           | 2 |  2.4
Shields        | 3 |  3.3
Armour         | 3 |  3.2
Fighting       | |  3.5

Action                     |  1- 3 |  4- 6 || total
---------------------------+-------+-------++-------
  Melee: War axe           |   155 |    29 ||   184
  Evoke: Wand              |       |    11 ||    11
 Armour: Scale mail        |    93 |    27 ||   120
  Dodge: Dodged            |    89 |    22 ||   111
  Block: Buckler           |    30 |     7 ||    37

Table legend: (Time is in decaauts)
 A = Elapsed time spent in this place.
 B = Non-inter-level travel time spent in this place.
 C = Inter-level travel time spent in this place.
 D = Time resting spent in this place.
 E = Time spent auto-exploring this place.
 F = Levels seen in this place.
 G = Mean time per level.
                   A        B        C        D        E       F      G
               +--------+--------+--------+--------+--------+-----+--------+
         Total |   1967 |   1920 |     47 |      0 |   1441 |   4 |  491.8 |
       Dungeon |   1894 |   1847 |     47 |      0 |   1418 |   3 |  631.3 |
         Sewer |     73 |     73 |      0 |      0 |     23 |   1 |   73.0 |
               +--------+--------+--------+--------+--------+-----+--------+

Top non-repeatable levels by time:
     D:1: 839 daAuts
     D:3: 558 daAuts
     D:2: 496 daAuts
   Sewer: 73 daAuts
